 Dungeon Crawl Stone Soup version 0.31-a0-460-g9e667d4245 (webtiles) character file.

Game seed: 2103122083928631269

112 oldriver the Sneak (level 4, -3/30 HPs)
             Began as a Vampire Enchanter on Aug 4, 2023.
             Slain by an orc
             ... wielding a +0 hand axe
              (7 damage)
             ... on level 3 of the Dungeon.
             The game lasted 00:04:24 (2241 turns).

oldriver the Sneak (Vampire Enchanter)              Turns: 2241, Time: 00:04:24

Health: -3/30      AC:  3    Str:  7    XL:     4   Next: 64%
Magic:  25/25      EV: 11    Int: 25    God:
Gold:   132        SH:  4    Dex: 14    Spells: 6/8 levels left

rFire   + . .        e - +0 dagger (venom)
rCold   . . .        j - +0 buckler of the Merchant {Regen+ rCorr MP+9 Stlth-}
rNeg    . . .        b - +0 robe
rPois   .            g - +0 helmet
rElec   +            (no cloak)
rCorr   +            (no gloves)
SInv    +            (no boots)
Will    .....        (no amulet)
Stlth   ++           n - ring of Ihoh {rElec rF+ MP+9 Int+6}
HPRegen 1.25/turn    (no ring)
MPRegen 0.19/turn

%: no passive effects
@: healing quickly
A: alive, fangs 3, see invisible, vampiric 2
a: Exsanguinate


You were on level 3 of the Dungeon.
You visited 1 branch of the dungeon, and saw 3 of its levels.

You collected 154 gold pieces.
You spent 22 gold pieces at shops.

Inventory:

Hand Weapons
 a - a +1 heavy dagger
 e - a +0 dagger of venom (weapon)
 h - a +2 short sword of protection
Armour
 b - a +0 robe (worn)
 g - a +0 helmet (worn)
 j - the +0 buckler of the Merchant (worn) {Regen+ rCorr MP+9 Stlth-}
   (You found it on level 2 of the Dungeon)

   MP:        It affects your magic capacity (+9).
   Regen:     It increases your rate of health regeneration.
   rCorr:     It protects you from acid and corrosion.
   Stlth:     It makes you less stealthy.
Jewellery
 n - the ring of Ihoh (left hand) {rElec rF+ MP+9 Int+6}
   (You found it on level 2 of the Dungeon)

   [ring of intelligence]

   Int:       It affects your intelligence (+6).
   rF:        It protects you from fire.
   rElec:     It insulates you from electricity.
   MP:        It affects your magic capacity (+9).
Scrolls
 f - 3 scrolls of immolation {unknown}
Potions
 c - 2 potions of invisibility
 d - 2 potions of curing
 i - a potion of degeneration {unknown}
 k - a potion of attraction {unknown}
 l - a potion of cancellation {unknown}


   Skills:
 * Level 3.4 Short Blades
 - Level 2.1 Dodging
 + Level 5.3 Stealth
 + Level 2.6 Spellcasting
 + Level 4.8 Hexes
 + Level 0.9 Ice Magic


You had 6 spell levels left.
You knew the following spells:

 Your Spells              Type           Power      Damage    Failure   Level
a - Ensorcelled Hibernat  Hex/Ice        34%        N/A       9%          2

Your spell library contained the following spells:

 Spells                   Type           Power      Damage    Failure   Level
 Confusing Touch          Hex            27%        N/A       7%          3
 Tukima's Dance           Hex            27%        N/A       7%          3
 Dazzling Flash           Conj/Hex       30%        N/A       19%         3


Dungeon Overview and Level Annotations

Branches:
Dungeon (3/15)

Altars:
Hepliaklqana
Ru
Vehumet

Shops:
D:2 *


Innate Abilities, Weirdness & Mutations

Your natural rate of healing is accelerated.
You have razor-sharp teeth.
You have supernaturally acute eyesight. (SInv)
You are afflicted with vampirism and can become a bat while bloodless.


Message History

There is a large open door here.
There is a large open door here.
Found 9 stones.
l - a coppery potion A goblin comes into view.
It is wielding a +0 club.
A goblin is nearby!
A goblin is nearby!
A goblin is nearby!
A goblin is nearby! 2 orcs come into view.
The orc shouts!
The goblin shouts!
The orc shouts!
An orc comes into view. It is wielding a +0 heavy falchion.
The orc shouts!
You hear an angry hiss.
An orc comes into view. It is wielding a +0 hand axe.
You hear a shout!
Found a glowing whip.
The goblin hits you with a +0 club.
An orc comes into view. It is wielding a +0 short sword.
You hit the goblin.
The goblin is poisoned.
The goblin is heavily wounded.
You block the goblin's attack.
You closely miss the goblin. You bite the goblin.
You kill the goblin!
The orc hits you with a +0 falchion.
An adder comes into view.
The adder hisses angrily.
You hit the orc.
The orc is poisoned.
The orc is severely wounded.
The orc hits you with a +0 falchion.
You hit the orc.
You kill the orc!
You hit the orc.
The orc is poisoned.
The orc is moderately wounded.
The orc hits you with a +0 heavy falchion.
The orc attacks as you move away! The orc hits you with a +0 falchion.
The orc attacks as you move away!
The orc hits you with a +0 heavy falchion!
* * * LOW HITPOINT WARNING * * *
The orc attacks as you move away! The orc closely misses you.
The orc attacks as you move away! The orc hits you with a +0 hand axe!
You die...

........))'..)..............#
##########'.........#########
..)................#
.............#######
.............####
................##
......[..........#######
........................
...............@ooS.....
................o.o.....
.................)......
.............##+#.......
.............# .......
.............# .......
.............# ......)
..(..........# .......
############## #####+#


You could see an adder and 4 orcs.

Vanquished Creatures
  3 adders
  A worm (D:2)
  2 dart slugs (D:2)
  5 orcs (D:3)
  5 bats
  4 endoplasms
  3 giant cockroaches (D:1)
  10 hobgoblins
  6 jackals
  6 kobolds
  A quokka (D:2)
  4 ball pythons (D:1)
  4 frilled lizards
  6 goblins
  7 rats
67 creatures vanquished.

Notes
Turn   | Place    | Note
-------+----------+-------------------------------------------
     0 | D:1      | oldriver the Vampire Enchanter began the quest for the Orb.
     0 | D:1      | Reached XP level 1. HP: 13/13 MP: 3/3
   143 | D:1      | Reached XP level 2. HP: 15/19 MP: 5/5
   546 | D:1      | Reached skill level 5 in Stealth
   546 | D:1      | Gained mutation: You are afflicted with vampirism and can
                  | become a bat while bloodless. [Vampire growth]
   546 | D:1      | Reached XP level 3. HP: 24/24 MP: 6/6
   549 | D:1      | Learned a level 2 spell: Ensorcelled Hibernation
  1063 | D:2      | Identified the +0 buckler of the Merchant {Regen+ rCorr
                  | MP+9 Stlth-}
  1258 | D:2      | Found Keptod's Assorted Antiques.
  1265 | D:2      | Bought a scroll labelled TOXTAW PILLUON for 22 gold pieces
  1329 | D:2      | Identified the ring of Ihoh {rElec rF+ MP+9 Int+6}
  1976 | D:3      | Reached XP level 4. HP: 30/30 MP: 7/7
  2001 | D:3      | Found a faded altar of an unknown god.
  2002 | D:3      | Found a hazy altar of Hepliaklqana.
  2003 | D:3      | Found a faded altar of an unknown god.
  2039 | D:3      | Found a sacrificial altar of Ru.
  2052 | D:3      | Found a radiant altar of Vehumet.
  2241 | D:3      | Slain by an orc

Illustrated notes

Levels and vault maps discovered:
D:1:      shiori_arrival_elements, layout_loops_ring, minivault_23, st_stairs_8,
          minmay_unequal
D:2:      layout_basic, serial_shops, shop, grunt_ministairs_7,
          corexii_item_surrounded_by_moat
D:3:      layout_basic, mainiacjoe_overflow_catwalk_spiral,
          nicolae_hepliaklqana_ecumenical_no_more

Skill      XL: |  1  2  3 |
---------------+----------+-----
Short Blades   | 2 3 |  3.4
Stealth        | 5 |  5.3
Dodging        | |  2.1
Spellcasting   | |  2.6
Hexes          | |  4.8
Ice Magic      | |  0.9

Action                     |  1- 3 |  4- 6 || total
---------------------------+-------+-------++-------
  Melee: Dagger            |   125 |    58 ||   183
         Bite              |    16 |     5 ||    21
   Cast: Ensorcelled Hiber |     2 |       ||     2
    Use: Scroll            |     5 |       ||     5
   Stab: Sleeping          |    14 |     1 ||    15
 Armour: Robe              |    24 |    10 ||    34
  Dodge: Dodged            |    72 |    32 ||   104
  Block: Buckler           |     4 |    10 ||    14

Table legend: (Time is in decaauts)
 A = Elapsed time spent in this place.
 B = Non-inter-level travel time spent in this place.
 C = Inter-level travel time spent in this place.
 D = Time resting spent in this place.
 E = Time spent auto-exploring this place.
 F = Levels seen in this place.
 G = Mean time per level.
                   A        B        C        D        E       F      G
               +--------+--------+--------+--------+--------+-----+--------+
         Total |   2223 |   2159 |     64 |      9 |   1571 |   3 |  741.0 |
       Dungeon |   2223 |   2159 |     64 |      9 |   1571 |   3 |  741.0 |
               +--------+--------+--------+--------+--------+-----+--------+

Top non-repeatable levels by time:
     D:1: 961 daAuts
     D:2: 828 daAuts
     D:3: 433 daAuts
